 Dungeon Crawl Stone Soup version 0.20.0-8-g6b59dc7 (webtiles) character file.

105 Gorglomux the Poker (level 4, 0/28 HPs)
             Began as a Tengu Warper on May 31, 2017.
             Succumbed to an orc wizard's poison
             ... on level 3 of the Dungeon.
             The game lasted 00:03:53 (1980 turns).

Gorglomux the Poker (Tengu Warper)                  Turns: 1980, Time: 00:03:53

Health: 0/28       AC:  7    Str: 11    XL:     4   Next: 83%
Magic:  8/8        EV: 12    Int: 13    God:
Gold:   171        SH:  0    Dex: 15    Spells: 5/7 levels left

rFire    + . .     SeeInvis .   a - +0 spear
rCold    . . .     Gourm    .   (no shield)
rNeg     . . .     Faith    .   P - +0 ring mail (curse)
rPois    .         Spirit   .   (helmet restricted)
rElec    .         Reflect  .   (no cloak)
rCorr    .         Harm     .   (no gloves)
MR       .....                  (boots unavailable)
Stlth    +.........             (no amulet)
Regen    0.5/turn               (no ring)
MPRegen  0.2/turn               (no ring)

@: lethally poisoned (0 -> -25), very slightly contaminated, invisible
A: beak, claws 1, talons 3, yellow scales 1, fire resistance 1, regeneration 1
a: no special abilities


You were on level 3 of the Dungeon.
You were not hungry.

You visited 1 branch of the dungeon, and saw 3 of its levels.

You collected 171 gold pieces.

Inventory:

Hand Weapons
 a - a +0 spear (weapon)
Missiles
 e - 3 tomahawks of dispersal (quivered)
 O - 4 tomahawks
 Z - 2 throwing nets
Armour
 b - a +0 leather armour
 P - a cursed +0 ring mail (worn)
Jewellery
 M - an uncursed amulet of faith {unknown}
Scrolls
 B - 2 scrolls of blinking
 E - 2 scrolls of recharging {unknown}
 R - 2 scrolls of remove curse {unknown}
 T - a scroll of magic mapping {unknown}
 U - a scroll of teleportation {unknown}
 W - 2 scrolls of immolation {unknown}
Potions
 N - a potion of cancellation
 V - a potion of mutation {!q}
Books
 c - a book of Spatial Translocations

   Spells                             Type                      Level
   a - Blink                          Translocation                2
   b - Shroud of Golubria             Charms/Translocation         2
   c - Lesser Beckoning               Translocation                3
   d - Gell's Gravitas                Translocation                3
   e - Teleport Other                 Translocation                3
   f - Passage of Golubria            Translocation                4
Comestibles
 f - a bread ration
 z - 3 meat rations
 S - 3 fruits
 Y - 4 chunks of flesh


   Skills:
 + Level 3.0 Fighting
 + Level 3.1 Polearms
 - Level 1.0 Throwing
 + Level 2.8 Armour
 + Level 3.1 Dodging
 - Level 2.0 Spellcasting
 - Level 2.4 Translocations


You had 5 spell levels left.
You knew the following spells:

 Your Spells              Type           Power        Failure   Level  Hunger
d - Blink                 Tloc           N/A          32%         2    ###....


Dungeon Overview and Level Annotations

Branches:
Dungeon (3/15)

Altars:
Trog


Innate Abilities, Weirdness & Mutations

You have a beak for a mouth.
You have claws for feet.
You have sharp fingernails.
You are partially covered in yellow scales. (AC +2)
Your flesh is heat resistant. (rF+)
Your natural rate of healing is unusually fast.


Message History

Unknown command.
Unknown command.
You barely miss something.
* * * LOW HITPOINT WARNING * * *
You feel very sick.
An orc wizard appears from thin air!
Reactivating autopickup.
The orc wizard casts a spell at you. The puff of frost misses you.
You closely miss the orc wizard.
You claw the orc wizard, but do no damage.
Your peck misses the orc wizard.
The orc wizard is moderately wounded.
* * * LOW HITPOINT WARNING * * *
You feel very sick.
Unknown command.
You hit the orc wizard. Your kick misses the orc wizard.
Your peck misses the orc wizard.
The orc wizard is moderately wounded.
You die...

....................
....######.#####......
....#....#.# ##....
....#.##.#.# #...##
....#.##.#.####....#
....#.##.#..o......#.#
....#.##.#######o#.#.#
....#.##.# #o#...#
......##.#######@##..# .#
.##...##.......#.##..# .#
.##...##.......#.##..###.#
.##...##...)...#.........#
.##...#........#.........#
.####.#..#####.#.........#
...##.#..#####.#.........#
...# .#..<.....#.........#
...# #..#######.........#


You could see an orc wizard and an orc.

Vanquished Creatures
  2 adders
  2 oozes (D:2)
  A worm (D:2)
  3 dart slugs (D:1)
  2 leopard geckos
  5 orcs (D:3)
  7 giant cockroaches
  4 goblins
  8 hobgoblins
  A quokka (D:3)
  2 ball pythons
  8 bats
  4 frilled lizards
  4 kobolds
  6 rats
59 creatures vanquished.

Notes
Turn   | Place    | Note
-------+----------+-------------------------------------------
     0 | D:1      | Gorglomux the Tengu Warper began the quest for the Orb.
     0 | D:1      | Reached XP level 1. HP: 12/12 MP: 4/4
    87 | D:1      | Reached XP level 2. HP: 12/17 MP: 6/6
   358 | D:1      | Learned a level 2 spell: Blink
   587 | D:1      | Reached XP level 3. HP: 22/22 MP: 7/7
   971 | D:2      | Found a faded altar of an unknown god.
  1029 | D:2      | Reached skill level 3 in Polearms
  1175 | D:2      | Reached XP level 4. HP: 26/27 MP: 8/8
  1176 | D:2      | Found a bloodstained altar of Trog.
  1421 | D:3      | Reached skill level 3 in Dodging
  1937 | D:3      | Reached skill level 3 in Fighting
  1971 | D:3      | Gained mutation: You have sharp fingernails. [potion of mutation]
  1971 | D:3      | Gained mutation: You are partially covered in yellow scales. (AC +2) [potion of mutation]
  1971 | D:3      | Gained mutation: Your natural rate of healing is unusually fast. [potion of mutation]
  1971 | D:3      | Gained mutation: Your flesh is heat resistant. (rF+) [potion of mutation]
  1980 | D:3      | Succumbed to an orc wizard's poison

Skill      XL: |  1  2  3  4 |
---------------+-------------+-----
Armour         | 2 |  2.8
Polearms       | 3 |  3.1
Dodging        | 3 |  3.1
Fighting       | 3 |  3.0
Throwing       | |  1.0
Spellcasting   | |  2.0
Translocations | |  2.4

Action                   |  1- 3 |  4- 6 || total
-------------------------+-------+-------++-------
Melee: Spear             |   128 |   115 ||   243
       Kick              |    17 |    26 ||    43
       Peck              |    12 |    13 ||    25
Throw: Tomahawk          |       |     2 ||     2
  Use: Potion            |     1 |     4 ||     5
 Stab: Sleeping          |     1 |       ||     1
  Eat: Chunk             |     1 |     3 ||     4
Armor: Leather armour    |    19 |    15 ||    34
       Ring mail         |       |    22 ||    22
Dodge: Dodged            |    57 |    53 ||   110
